 Dungeon Crawl Stone Soup version 0.17-a0-1637-g5d65775 (webtiles) character file.

13372 urechis the Destroyer (level 12, -6/70 HPs)
             Began as a Gargoyle Wizard on Aug 7, 2015.
             Was an Elder of Vehumet.
             Mangled by a black mamba (7 damage)
             ... on level 1 of the Lair of Beasts.
             The game lasted 01:17:59 (13835 turns).

urechis the Destroyer (Gargoyle Wizard)            Turns: 13835, Time: 01:17:59

Health: -6/70      AC: 17    Str: 12    XL:     12   Next: 5%
Magic:  2/23       EV: 14    Int: 23    God:    Vehumet [****..]
Gold:   773        SH:  4    Dex:  8    Spells: 9 memorised, 5 levels left

rFire  + . .     SeeInvis .     w - +2 dagger (venom)
rCold  + . .     Clarity  .     F - +1 robe {rC+ rF+}
rNeg   + . .     SustAt   .     S - +0 buckler
rPois  ∞         Gourm    .     C - +0 helmet
rElec  +         Spirit   .     R - +0 cloak
rCorr  .         Warding  .     h - +0 pair of gloves
rMut   .         Stasis   .     x - +0 pair of boots
MR     .....                    p - amulet of regeneration
Stlth  +++.......               H - ring of stealth
                                y - +1 ring of evasion

@: very slightly contaminated, not resistant to hostile enchantments, fairly
stealthy
A: negative energy resistance 1, electricity resistance, unbreathing,
petrification resistance, rot immunity, AC +8
a: Renounce Religion


You were on level 1 of the Lair of Beasts.
You worshipped Vehumet.
Vehumet was greatly pleased with you.
You were near starving.

You visited 3 branches of the dungeon, and saw 14 of its levels.
You also visited: Sewer.

You collected 773 gold pieces.

Inventory:

Hand weapons
 w - a +2 dagger of venom (weapon)
Armour
 h - a +0 pair of gloves (worn)
 x - a +0 pair of boots (worn)
 C - a +0 helmet (worn)
 F - a +1 robe of resistance (worn)
 R - a +0 cloak (worn)
 S - a +0 buckler (worn)
Magical staves
 a - an uncursed staff of air
 b - an uncursed staff of energy
Jewellery
 p - an amulet of regeneration (around neck)
 y - a +1 ring of evasion (left hand)
 H - a ring of stealth (right hand)
 J - an uncursed ring of protection from fire
Magical devices
 c - a wand of frost (28)
 n - a wand of polymorph (15)
 E - a wand of digging (14)
 T - a wand of cold (6)
Scrolls
 f - 4 scrolls of remove curse
 l - 6 scrolls of fog
 m - 2 scrolls of enchant armour
 o - 6 scrolls of teleportation
 s - a scroll of blinking
 t - 3 scrolls of fear
 B - a scroll of enchant weapon
 G - 2 scrolls of magic mapping
 K - a scroll of brand weapon
 V - 2 scrolls of random uselessness {unknown}
Potions
 e - 2 potions of ambrosia {unknown}
 g - 2 potions of resistance {unknown}
 i - a potion of cure mutation {unknown}
 j - 4 potions of curing
 k - a potion of beneficial mutation {unknown}
 r - a potion of cancellation {unknown}
 u - 2 potions of brilliance {unknown}
 z - 2 potions of magic {unknown}
 A - 2 potions of poison {unknown}
 D - a potion of agility {unknown}
 L - a potion of haste {unknown}
 M - 2 potions of invisibility {unknown}
 N - a potion of mutation {unknown}
 O - 2 potions of heal wounds {unknown}
 P - a potion of lignification {unknown}
Books
 U - a book of the Tempests

   Spells                             Type                      Level
   a - Static Discharge               Conjuration/Air              3
   b - Lightning Bolt                 Conjuration/Air              5
   c - Fireball                       Conjuration/Fire             5
   d - Tornado                        Air                          9
   e - Shatter                        Earth                        9
Comestibles
 d - 7 bread rations
 q - 6 meat rations
 v - 4 beef jerkies
 I - 13 slices of pizza


   Skills:
 - Level 6.0 Fighting
 * Level 5.3 Staves
 - Level 6.0 Armour
 * Level 5.6 Dodging
 - Level 2.1 Stealth
 - Level 4.1 Shields
 + Level 7.5 Spellcasting
 + Level 8.1 Conjurations
 - Level 0.8 Summonings
 - Level 0.8 Translocations
 + Level 5.6 Fire Magic
 + Level 4.7 Air Magic
 * Level 5.3 Evocations


You had 5 spell levels left.
You knew the following spells:

 Your Spells              Type           Power        Failure   Level  Hunger
a - Magic Dart            Conj           ####         1%          1    None
b - Blink                 Tloc           N/A          10%         2    None
c - Call Imp              Summ           ##......     10%         2    None
d - Repel Missiles        Chrm/Air       ###...       4%          2    None
e - Slow                  Hex            #.......     14%         2    None
f - Conjure Flame         Conj/Fire      #####...     1%          3    None
g - Mephitic Cloud        Conj/Pois/Air  ####....     1%          3    None
h - Shock                 Conj/Air       ####         1%          1    None
j - Fireball              Conj/Fire      #####.....   4%          5    #####..


Dungeon Overview and Level Annotations

Branches:
Dungeon (12/15)            Temple (1/1) D:7            Lair (1/8) D:8
    Orc (0/4) D:12

Altars:
Ashenzari
Cheibriados
Dithmenos
Elyvilon
Fedhas
Gozag
Kikubaaqudgha
Makhleb
Nemelex Xobeh
Okawaru
Qazlal
Ru
Sif Muna
Trog
Vehumet
Xom
Yredelemnul
Zin
The Shining One

Shops:
D:4 :   D:11 ?=}

Annotations:
D:4 Cenon's ghost, average DsGl
D:5 urechis's ghost, experienced GrWz
D:7 Cenon's ghost, average DsGl
Lair:1 Urug


Innate Abilities, Weirdness & Mutations

You are resistant to torment.
Your stone body is resilient (AC +8).
You are immune to poison.
You resist negative energy.
You are resistant to electric shocks.
You can survive without breathing.
You are immune to petrification.
You are immune to rotting.


Message History

You blink.
The black mamba bites you but does no damage.
The black mamba bites you!
* * * LOW HITPOINT WARNING * * *
The black mamba bites you.
* * * LOW HITPOINT WARNING * * *
The black mamba bites you.
* * * LOW HITPOINT WARNING * * *
There is a staircase back to the Dungeon here.
You see here 2 javelins.
Read which item? (? for menu, Esc to quit)
Blink to where?
Press: ? - help, Dir - move target cursor, p - Urug You are very lightly contaminated with residual magic.
As you read the scroll of blinking, it crumbles to dust.
Drink which item? (? for menu, Esc to quit)
It was a potion of curing.
You feel better. The black mamba bites you!
* * * LOW HITPOINT WARNING * * *
The black mamba bites you!
You die...

#.....# ......#
#.....# #.....#
#.....## +......#
#.....# ####.@=..#
##
#####..#.S...##.####
....(...FS/.........
.....(..............
....................
....................
.........o..........
S.#.#P+##<....##.
#.....#.....##


You could see Urug, a black mamba, a spiny frog and a water moccasin.

Vanquished Creatures
  The ghost of Yermak the Covert, an experienced MfAs of Makhleb (D:9)
  3 hill giants
  Pikel (D:6)
  An ugly thing (D:11)
  A troll (D:11)
  A two-headed ogre (D:12)
  A human (D:8)
  16 yaks
  A deep elf mage (D:11)
  A wyvern (D:10)
  A basilisk (D:10)
  3 hippogriffs
  A hungry ghost (D:12)
  Menkaure (D:4)
  The ghost of karlkraus the Insei, an average OpMo (D:3)
  A mottled dragon (D:11)
  Duvessa (D:7)
  A slave (D:6)
  Purgy (Sewer)
  A black bear (D:7)
  3 phantoms
  6 orc warriors
  An ice beast (D:8)
  5 sky beasts
  5 centaurs
  2 necrophages
  12 ogres
  A crocodile (D:11)
  2 big kobolds
  5 giant frogs
  A wyvern skeleton (D:12)
  A gnoll sergeant (D:10)
  Dowan (D:7)
  9 killer bees
  5 wights (D:9)
  A troll zombie (D:12)
  6 crimson imps
  7 hounds
  7 orc priests
  2 jellies
  3 quasits
  A giant frog zombie (D:8)
  Crazy Yiuf (D:7)
  5 giant frog skeletons
  5 iguanas
  6 orc wizards
  3 hell rats (D:6)
  12 worker ants
  6 ogre zombies (D:12)
  A hound zombie (D:5)
  Robin (D:4)
  12 adders
  10 gnolls
  5 river rats (D:6)
  A shadow imp (D:12)
  An ooze (D:4)
  2 worms
  An adder zombie (D:8)
  44 orcs
  10 bats
  9 giant cockroaches
  13 goblins
  12 hobgoblins
  5 jackals
  4 quokkas
  A ball python (D:4)
  6 giant geckos
  3 giant gecko skeletons
  5 giant newts
  3 goblin skeletons (D:12)
  4 goblin zombies (D:12)
  2 hobgoblin skeletons (D:12)
  2 hobgoblin zombies (D:12)
  22 kobolds
  5 orc skeletons (D:12)
  8 orc zombies (D:12)
  39 rats
394 creatures vanquished.

Vanquished Creatures (collateral kills)
  A killer bee (D:7)
1 creature vanquished.

Vanquished Creatures (others)
  2 slaves (D:6)
  3 orcs (D:6)
  A fungus (D:7)
  A plant (D:11)
7 creatures vanquished.

Grand Total: 402 creatures vanquished

Notes
Turn   | Place    | Note
--------------------------------------------------------------
     0 | D:1      | urechis the Gargoyle Wizard began the quest for the Orb.
     0 | D:1      | Reached XP level 1. HP: 10/10 MP: 4/4
   204 | D:1      | Reached XP level 2. HP: 15/15 MP: 1/6
   882 | D:2      | Reached XP level 3. HP: 19/19 MP: 1/8
  1124 | D:2      | Found a faded altar to an unknown god.
  1282 | D:2      | Reached XP level 4. HP: 20/24 MP: 0/9
  1434 | D:2      | Reached skill level 4 in Spellcasting
  1751 | D:2      | Learned a level 3 spell: Mephitic Cloud
  1754 | D:2      | Learned a level 2 spell: Blink
  1757 | D:2      | Learned a level 2 spell: Call Imp
  1760 | D:2      | Learned a level 2 spell: Repel Missiles
  1795 | D:3      | Reached XP level 5. HP: 28/28 MP: 2/11
  1988 | D:3      | Noticed karlkraus's ghost (average OpMo)
  2006 | D:3      | Killed karlkraus's ghost
  2006 | D:3      | Reached XP level 6. HP: 16/32 MP: 8/13
  2375 | D:3      | Reached skill level 5 in Spellcasting
  2591 | D:4      | Found Impotaf's Book Boutique.
  2597 | D:4      | Noticed Robin
  2604 | D:4      | Killed Robin
  2754 | D:4      | Noticed Cenon's ghost (average DsGl)
  2898 | D:4      | Reached skill level 5 in Conjurations
  2903 | D:4      | Learned a level 3 spell: Conjure Flame
  2906 | D:4      | Learned a level 2 spell: Slow
  2927 | D:4      | Noticed Menkaure
  3229 | D:4      | Reached XP level 7. HP: 37/37 MP: 0/14
  3334 | D:4      | Found a shimmering altar of Xom.
  3339 | D:4      | Found a stormy altar of Qazlal.
  3353 | D:4      | Found a snail-covered altar of Cheibriados.
  3363 | D:4      | Found an ancient bone altar of Kikubaaqudgha.
  3478 | D:4      | Killed Menkaure
  3478 | D:4      | Reached skill level 1 in Armour
  3478 | D:4      | Reached skill level 1 in Fire Magic
  3478 | D:4      | Reached skill level 1 in Evocations
  3533 | D:4      | Reached skill level 1 in Air Magic
  3608 | D:5      | Entered Level 5 of the Dungeon
  3620 | D:5      | Reached skill level 1 in Fighting
  3786 | D:5      | Noticed urechis's ghost (experienced GrWz)
  4633 | D:6      | Reached XP level 8. HP: 38/44 MP: 16/16
  4733 | D:6      | Noticed Pikel
  4755 | D:6      | Killed Pikel
  4755 | D:6      | Reached skill level 1 in Staves
  4815 | D:6      | Found a glowing drain.
  4834 | Sewer    | Entered a sewer
  4837 | Sewer    | Noticed Purgy
  4857 | Sewer    | Killed Purgy
  5334 | D:6      | Reached skill level 6 in Conjurations
  5482 | D:6      | Reached XP level 9. HP: 21/51 MP: 11/17
  5853 | D:7      | Noticed Dowan
  5858 | D:7      | Noticed Duvessa
  5864 | D:7      | Killed Dowan
  5955 | D:7      | Found a staircase to the Ecumenical Temple.
  6170 | D:7      | Killed Duvessa
  6337 | Temple   | Entered the Ecumenical Temple
  6354 | Temple   | Became a worshipper of Vehumet
  6689 | D:7      | Noticed Crazy Yiuf
  6698 | D:7      | Killed Crazy Yiuf
  7007 | D:7      | Reached skill level 1 in Shields
  7314 | D:8      | Acquired Vehumet's first power
  7314 | D:8      | Offered knowledge of Sandblast by Vehumet.
  7372 | D:8      | Found a staircase to the Lair.
  7420 | D:8      | Reached XP level 10. HP: 57/57 MP: 7/19
  7828 | D:8      | Offered knowledge of Shock by Vehumet.
  7924 | D:9      | Noticed Yermak's ghost (experienced MfAs)
  7988 | D:9      | Killed Yermak's ghost
  8001 | D:9      | Learned a level 1 spell: Shock
  8056 | D:9      | Reached skill level 7 in Conjurations
  8345 | D:9      | Found a burning altar of Makhleb.
  8345 | D:9      | Found a glowing golden altar of the Shining One.
  8507 | D:9      | Found an opulent altar of Gozag.
  8648 | D:9      | Found a glowing silver altar of Zin.
  8675 | D:9      | Reached skill level 5 in Fighting
  8799 | D:9      | Reached skill level 5 in Armour
  9119 | D:10     | Entered Level 10 of the Dungeon
  9276 | D:10     | Noticed a hill giant
  9363 | D:10     | Killed a hill giant
  9373 | D:10     | Reached XP level 11. HP: 14/64 MP: 6/21
  9524 | D:10     | Offered knowledge of Static Discharge by Vehumet.
  9529 | D:10     | Learned a level 3 spell: Static Discharge
 10000 | D:10     | Acquired Vehumet's second power
 10412 | D:11     | Found a blossoming altar of Fedhas.
 10762 | D:11     | Offered knowledge of Iskenderun's Mystic Blast by Vehumet.
 10886 | D:11     | Reached skill level 5 in Fire Magic
 11100 | D:11     | Learned a level 5 spell: Fireball
 11426 | D:11     | Found Xiyc Qunn's Jewellery Shop.
 11449 | D:11     | Found Taedighe's Gadget Shoppe.
 11474 | D:11     | Acquired Vehumet's third power
 11537 | D:11     | Found Ozxuotra's Magic Scroll Emporium.
 11799 | D:12     | Noticed a seven-headed hydra
 11985 | D:12     | Offered knowledge of Bolt of Magma by Vehumet.
 11995 | D:12     | Reached skill level 5 in Dodging
 12444 | D:12     | Reached skill level 5 in Evocations
 12469 | D:12     | Noticed a hill giant
 12503 | D:12     | Killed a hill giant
 12503 | D:12     | Reached skill level 5 in Staves
 12503 | D:12     | Reached skill level 8 in Conjurations
 12688 | D:12     | Offered knowledge of Olgreb's Toxic Radiance by Vehumet.
 12716 | D:12     | Found a staircase to the Orcish Mines.
 13293 | D:12     | Noticed a hill giant
 13307 | D:12     | Killed a hill giant
 13307 | D:12     | Reached XP level 12. HP: 70/70 MP: 11/23
 13791 | Lair:1   | Entered Level 1 of the Lair of Beasts
 13791 | Lair:1   | Noticed Urug
 13830 | Lair:1   | HP: 3/70 [black mamba (6)]
 13835 | Lair:1   | HP: 1/70 [black mamba (12)]
 13835 | Lair:1   | Mangled by a black mamba

Vault maps used:
D:1:      arrival_zaba_pyramid, serial_curves, eino_curves_04, eino_curves_04,
          eino_curves_02
D:2:      ecumenical_altar_2, first_bread
D:4:      grunt_temple_overflow_cloverleaf, serial_shops,
          nicolae_shop_waterfront, uniq_menkaure, uniq_robin
D:5:      corexii_hall_statues_l
D:6:      lemuel_ratsnest, portal_sewer_entry_d, uniq_pikel
D:7:      minmay_temple_entry_large_hall, uniq_duvessa, uniq_crazy_yiuf_cottage
D:8:      lair_0_dummy, grunt_pizzeria
D:9:      lemuel_ogre_cave, zin_treasury, gammafunk_temple_overflow_pools,
          nicolae_gozag_seed_capital
D:11:     serial_shops, shop_statue, shop_statue, shop_statue, fedhas_altar_1
D:12:     zombieorc2_lemuel, minmay_misc_feat_cross
Temple:   zaba_magenta_temple_12
Lair:1:   basic_altar, grunt_megastairs_4, uniq_sonja, uniq_urug
Sewer:    kennysheep_door_sewer

Action                   |  1- 3 |  4- 6 |  7- 9 | 10-12 || total
-------------------------+-------+-------+-------+-------++-------
Melee: Unarmed           |     7 |       |       |       ||     7
       Club              |     9 |       |       |       ||     9
       Short sword       |     8 |     9 |       |       ||    17
       Whip              |       |    92 |    42 |    57 ||   191
       Dagger            |       |    30 |   393 |   299 ||   722
       Staff             |       |       |   113 |   189 ||   302
 Cast: Magic Dart        |    84 |    80 |   203 |    76 ||   443
       Mephitic Cloud    |       |     5 |    19 |    59 ||    83
       Blink             |       |     1 |    10 |    10 ||    21
       Shock             |       |       |       |   460 ||   460
       Static Discharge  |       |       |       |     5 ||     5
       Fireball          |       |       |       |     4 ||     4
       Conjure Flame     |       |       |       |     1 ||     1
  Use: Scroll            |       |     2 |       |    13 ||    15
       Potion            |       |       |       |     1 ||     1
 Stab: Sleeping          |       |       |     2 |       ||     2
       Confused          |       |       |     7 |     7 ||    14
       Distracted        |       |       |     2 |       ||     2
  Eat: Chunk             |     1 |     7 |    15 |    24 ||    47
       Fruit             |       |       |     2 |       ||     2
       Beef jerky        |       |       |       |     1 ||     1
